 Dungeon Crawl Stone Soup version 0.29.1-2-gbd0b4ee654 (webtiles) character file.

Game seed: 1211770953820420153

202 KittyFluff the Cudgeller (level 5, -4/33 HPs)
             Began as a Gargoyle Berserker on Nov 14, 2022.
             Was a Priest of Trog.
             Slain by a gnoll
             ... wielding a +0 whip
             ... led by a gnoll bouda
              (7 damage)
             ... on level 4 of the Dungeon.
             The game lasted 00:10:47 (3035 turns).

KittyFluff the Cudgeller (Gargoyle Berserker)       Turns: 3035, Time: 00:10:47

Health: -4/33      AC:  8    Str: 21    XL:     5   Next: 80%
Magic:  5/5        EV: 12    Int:  7    God:    Trog [***...]
Gold:   241        SH:  0    Dex: 11    Spells: 4/4 levels left

rFire   . . .      SeeInvis .   a - +0 mace
rCold   . . .      Faith    .   (no shield)
rNeg    + . .      Spirit   .   b - +0 animal skin
rPois   ∞          Reflect  .   l - +0 helmet
rElec   +          Harm     .   s - +0 cloak
rCorr   .          Rampage  .   (no gloves)
Will    .....                   (no boots)
Stlth   ++........              (no amulet)
HPRegen 0.11/turn               (no ring)
MPRegen 0.09/turn               (no ring)

@: on berserk cooldown, slowed, very slow
A: sickness immunity, AC +4, negative energy resistance 1, electricity
resistance, torment resistance 1, petrification resistance
a: Renounce Religion, Berserk, Trog's Hand


You were on level 4 of the Dungeon.
You worshipped Trog.
Trog was most pleased with you.
You visited 1 branch of the dungeon, and saw 4 of its levels.

You collected 241 gold pieces.

Inventory:

Hand Weapons
 a - a +0 mace (weapon)
Missiles
 i - 4 poisoned darts (quivered)
 r - 2 throwing nets
 t - 2 boomerangs
Armour
 b - a +0 animal skin (worn)
 l - a +0 helmet (worn)
 s - a +0 cloak (worn)
Magical Staves
 u - a staff of death
Scrolls
 f - 3 scrolls of identify {unknown}
 g - a scroll of butterflies {unknown}
 h - 2 scrolls of teleportation {unknown}
 m - a scroll of immolation {unknown}
 o - a scroll of brand weapon {unknown}
Potions
 c - 2 potions of ambrosia {unknown}
 d - 2 potions of brilliance {unknown}
 e - a potion of curing {unknown}
 j - a potion of mutation {unknown}
 k - 3 potions of flight {unknown}
 n - 3 potions of lignification {unknown}
 p - a potion of might {unknown}
 q - a potion of degeneration {unknown}


   Skills:
 + Level 4.0 Fighting
 + Level 4.5 Maces & Flails
 * Level 3.5 Armour
 + Level 2.3 Dodging
 + Level 1.3 Stealth


You had 4 spell levels left.
You didn't know any spells.
Your spell library was empty.

Dungeon Overview and Level Annotations

Branches:
Dungeon (4/15)
 Temple: D:4-7

Altars:
Sif Muna

Shops:
D:1 [


Innate Abilities, Weirdness & Mutations

You are immune to sickness and miasma.
Your stone body is resilient. (AC +4)
You are immune to poison.
You resist negative energy. (rN+)
You are resistant to electric shocks. (rElec)
You are resistant to unholy torment.
You are immune to petrification.


Message History

You sock the gnoll bouda!
The gnoll bouda is severely wounded.
The gnoll hits you with a +0 whip. The gnoll closely misses you.
You hit the gnoll bouda.
You kill the gnoll bouda!
Trog accepts your kill. The gnoll misses you. The gnoll completely misses you.
Your Fighting skill increases to level 4!
The gnoll barely misses you. x2
The gnoll hits you from afar with a +0 spear.
Things that are here:
a +0 whip; a +2 leather armour of cold resistance; a gnoll corpse You hit the gnoll.
The gnoll is heavily wounded.
The gnoll hits you with a +0 whip. x2
* * * LOW HITPOINT WARNING * * *
The gnoll hits you with a +0 flail!
* * * LOW HITPOINT WARNING * * *
The gnoll hits you but does no damage.
Your attacks no longer feel as feeble.
The gnoll hits you but does no damage. The gnoll barely misses you.
You thump the gnoll!
You kill the gnoll!
Trog accepts your kill. The gnoll misses you. The gnoll completely misses you.
You are no longer berserk.
You are exhausted.
You feel yourself slow down.
Things that are here:
a +0 spear; a +0 club; a gnoll corpse You hit the gnoll.
The gnoll is severely wounded.
The gnoll closely misses you. The gnoll barely misses you.
You barely miss the gnoll.
The gnoll is severely wounded.
The gnoll hits you but does no damage. The gnoll barely misses you.
You barely miss the gnoll.
The gnoll is severely wounded.
The gnoll barely misses you. The gnoll hits you with a +0 whip!
You die...

... ...#####. ..
..#...... #.. #.#......
.###.. #........
......### ###........
........# #..........
#......### ###..........
#....)gg# #............
#.....#@###.).....#.#[.
###...#...........###...
##...............# #..
###...#....###..# #..
#####.....##..###..
##)........#...
#....###......
##............
##..#........


You could see 2 gnolls.

Vanquished Creatures
  A gnoll bouda (D:4)
  An iguana (D:4)
  2 gnolls (D:4)
  4 adders
  5 dart slugs
  2 orcs (D:4)
  A bat (D:3)
  8 endoplasms
  2 giant cockroaches (D:1)
  5 goblins
  10 hobgoblins
  13 jackals
  2 kobolds (D:2)
  3 quokkas
  6 ball pythons
  3 frilled lizards (D:1)
  7 rats
75 creatures vanquished.

Notes
Turn   | Place    | Note
-------+----------+-------------------------------------------
     0 | D:1      | KittyFluff the Gargoyle Berserker began the quest for the
                  | Orb.
     0 | D:1      | Reached XP level 1. HP: 14/14 MP: 1/1
   130 | D:1      | Reached XP level 2. HP: 7/19 MP: 2/2
   535 | D:1      | Reached XP level 3. HP: 24/24 MP: 3/3
   550 | D:1      | Found a faded altar of an unknown god.
   761 | D:1      | Reached ** piety under Trog
   784 | D:1      | Found Myefriwn's Antique Armour Shop.
  1193 | D:2      | Reached XP level 4. HP: 21/29 MP: 4/4
  2304 | D:3      | Reached skill level 1 in Stealth
  2470 | D:3      | Found a shimmering blue altar of Sif Muna.
  2559 | D:3      | Reached *** piety under Trog
  2560 | D:3      | Reached XP level 5. HP: 33/33 MP: 5/5
  3035 | D:4      | Slain by a gnoll

Illustrated notes

Levels and vault maps discovered:
D:1:      tarquinn_simple_flora_water_b, layout_loops_ring, serial_shops,
          nicolae_shop_behind_doors,
          hellmonk_ecumenical_altar_pennies_from_heaven, minmay_tiny_reverse_x
D:2:      layout_rooms, hex_medium
D:3:      layout_rooms, lemuel_blue_sif_altar
D:4:      layout_cave_pools, mainiacjoe_overflow_concentric_impassable,
          kennysheep_cross_room, minmay_quantized, uniq_eustachio, uniq_edmund,
          uniq_ijyb, uniq_blork_the_orc

Skill      XL: |  1  2  3  4  5 |
---------------+----------------+-----
Armour         | 3 |  3.5
Dodging        | 2 |  2.3
Stealth        | 1 |  1.3
Maces & Flails | 4 |  4.5
Fighting       | 4 |  4.0

Action                   |  1- 3 |  4- 6 || total
-------------------------+-------+-------++-------
Melee: Mace              |   124 |   141 ||   265
       Punch             |     2 |     3 ||     5
Invok: Berserk           |     1 |     1 ||     2
 Stab: Sleeping          |     3 |     1 ||     4
Armor: Animal skin       |    39 |    60 ||    99
Dodge: Dodged            |    89 |   145 ||   234
